 Dungeon Crawl Stone Soup version 0.28-a0-1182-g381e24db82 (webtiles) character file.

Game seed: 9180829112588619346

408 Astera the Chopper (level 6, -6/55 HPs)
             Began as a Minotaur Fighter on Dec 17, 2021.
             Was a Believer of Wu Jian.
             Killed from afar by Blork the orc (10 damage)
             ... with a puff of frost
             ... on level 3 of the Dungeon.
             The game lasted 00:10:53 (2836 turns).

Astera the Chopper (Minotaur Fighter)               Turns: 2836, Time: 00:10:53

Health: -6/55      AC:  7    Str: 20    XL:     6   Next: 57%
Magic:  5/5        EV: 10    Int:  5    God:    Wu Jian [**....]
Gold:   120        SH:  5    Dex: 12    Spells: 5/5 levels left

rFire   . . .      SeeInvis +   a - +0 war axe
rCold   . . .      Faith    .   c - +0 buckler
rNeg    . . .      Spirit   .   b - +0 scale mail
rPois   .          Reflect  .   (helmet restricted)
rElec   .          Harm     .   (no cloak)
rCorr   .          Rampage  .   (no gloves)
Will    .....                   (no boots)
Stlth   ..........              (no amulet)
HPRegen 0.18/turn               e - ring of see invisible
MPRegen 0.09/turn               v - ring of flight

@: flying
A: horns 2, retaliatory headbutt
a: Renounce Religion, Wall Jump


You were on level 3 of the Dungeon.
You worshipped Wu Jian.
Wu Jian was pleased with you.
You visited 1 branch of the dungeon, and saw 4 of its levels.

You collected 120 gold pieces.

Inventory:

Hand Weapons
 a - a +0 war axe (weapon)
Missiles
 m - 3 javelins (quivered)
Armour
 b - a +0 scale mail (worn)
 c - a +0 buckler (worn)
Jewellery
 e - a ring of see invisible (left hand)
 i - a ring of fire
 v - a ring of flight (right hand)
Scrolls
 h - 2 scrolls of noise {unknown}
 n - 3 scrolls of identify {unknown}
 o - a scroll of blinking {unknown}
 r - a scroll of magic mapping {unknown}
 s - a scroll of immolation {unknown}
 u - a scroll of enchant armour {unknown}
 w - a scroll of silence {unknown}
Potions
 d - a potion of might
 f - a potion of curing {unknown}
 g - a potion of berserk rage {unknown}
 j - 2 potions of haste {unknown}
 k - a potion of experience {unknown}
 l - a potion of flight {unknown}
 p - a potion of ambrosia {unknown}
 q - a potion of mutation {unknown}
 t - a potion of heal wounds {unknown}


   Skills:
 + Level 4.9 Fighting
 + Level 5.7 Axes
 + Level 5.5 Armour
 + Level 1.4 Dodging
 + Level 0.4 Stealth
 + Level 4.3 Shields


You had 5 spell levels left.
You didn't know any spells.
Your spell library was empty.

Dungeon Overview and Level Annotations

Branches:
Dungeon (4/15)
 Temple: D:4-7

Altars:
Wu Jian

Annotations:
D:2 1 runed translucent door, Crazy Yiuf
D:3 Blork the orc


Innate Abilities, Weirdness & Mutations

You have a pair of horns on your head.
You reflexively headbutt those who attack you in melee.


Message History

There is nothing to wall jump against here.
You hit the necrophage. You headbutt the necrophage.
The necrophage is lightly damaged.
You block the necrophage's attack.
You slash the necrophage!
The necrophage is heavily damaged.
The necrophage hits you.
You feel drained.
Blork the orc casts a spell.
Blork the orc seems to speed up.
You hit the necrophage. Your headbutt misses the necrophage.
The necrophage is heavily damaged.
The necrophage hits you.
You feel drained. The necrophage completely misses you.
You furiously retaliate!
You headbutt the necrophage! You hit the necrophage.
The necrophage is almost destroyed.
The necrophage barely misses you.
You hit the necrophage.
You destroy the necrophage!
The Council accepts your kill.
Blork the orc hits you but does no damage.
Your life force feels restored.
Aiming: Wall Jump
Press: ? - help, Dir - move target You repeatedly attack Blork the orc from above.
You hit Blork the orc.
Blork the orc is moderately wounded.
You slash Blork the orc! You headbutt Blork the orc!
Blork the orc is almost dead.
Blork the orc gestures at you while chanting.
The magic dart hits you.
Blork the orc hits you with a +0 battleaxe! x2
* * * LOW HITPOINT WARNING * * *
Blork the orc casts a spell at you. The puff of flame hits you!
* * * LOW HITPOINT WARNING * * *
Items here: ( ) [ †.
Blork the orc gestures at you while chanting.
The puff of frost hits you!
You die...

#.# #.'.♣♣♣♣♣♣≈≈.≈≈♣♣♣♣
####.###.'.........♣......
#######........'.♣♣♣♣♣♣≈≈.≈≈♣♣♣♣
#..............#### ##≈.≈## ##
#.#####.......#.#.# #♣.♣# #. #.#
#........#.#.# ♣.♣ ## #.#
#........#.#.# ♣.♣ #
#.####........#.#.#### ♣.♣
#........<...^.@o....# ♣.♣#####
#.####.##.###.#.#.##.###♣.♣#....
##.# ##.###.#.##.#......#♣♣♣#####
...###(..###.#..........#####....
.............#.#..##..#.##.######
...###...#####.#..##>.#.##.# #.##
##...............#.##.# #.#
########.#..##..#<##.# #.#
#.#........##.######


You could see Blork the orc (fast).

Vanquished Creatures
  An ogre (D:3)
  2 necrophages (D:3)
  A hound (D:3)
  Jessica (D:2)
  A gnoll (D:1)
  2 adders
  A worm (D:3)
  2 dart slugs
  6 bats
  5 endoplasms
  A giant cockroach (D:3)
  5 hobgoblins
  A kobold (D:1)
  3 quokkas
  5 ball pythons
  2 frilled lizards
  12 goblins
  6 rats
57 creatures vanquished.

Notes
Turn   | Place    | Note
-------+----------+-------------------------------------------
     0 | D:1      | Astera the Minotaur Fighter began the quest for the Orb.
     0 | D:1      | Reached XP level 1. HP: 19/19 MP: 0/0
   451 | D:1      | Reached XP level 2. HP: 20/27 MP: 1/1
   857 | D:1      | Found a faded altar of an unknown god.
   865 | D:1      | Prayed at the altar of an unknown god.
   865 | D:1      | Became a worshipper of the Wu Jian Council
   865 | D:1      | Reached * piety under Wu Jian
  1094 | D:2      | Noticed Jessica
  1105 | D:2      | Killed Jessica
  1106 | D:2      | Reached XP level 3. HP: 31/33 MP: 2/2
  1283 | D:2      | Reached XP level 4. HP: 38/40 MP: 3/3
  1372 | D:2      | Found a runed translucent door.
  1373 | D:2      | Noticed Crazy Yiuf
  1897 | D:3      | Noticed a necrophage
  1905 | D:3      | Killed a necrophage
  1906 | D:3      | Reached skill level 1 in Dodging
  1906 | D:3      | Reached XP level 5. HP: 33/47 MP: 4/4
  2122 | D:3      | Reached skill level 5 in Armour
  2241 | D:3      | Noticed an ogre
  2244 | D:3      | Reached ** piety under Wu Jian
  2766 | D:3      | Killed an ogre
  2767 | D:3      | Reached skill level 5 in Axes
  2767 | D:3      | Reached XP level 6. HP: 47/53 MP: 5/5
  2814 | D:4      | Noticed Blork the orc
  2836 | D:3      | Killed from afar by Blork the orc

Illustrated notes

Levels and vault maps discovered:
D:1:      scummos_arrival_simple_fountains, layout_basic,
          shapermc_ecumenical_altar_totnotflames
D:2:      layout_rooms, nicolae_concentric_dashed_squares_mild,
          columned_hall_lemuel, uniq_jessica, uniq_crazy_yiuf_cottage
D:3:      layout_loops_ring, kennysheep_nondescript,
          kennysheep_cross_bottleneck, minmay_ogre_servants
D:4:      layout_basic, nicolae_overflow_hidden_temple, uniq_blork_the_orc,
          uniq_menkaure

Skill      XL: |  1  2  3  4  5 |
---------------+----------------+-----
Fighting       | 4 |  4.9
Armour         | 4 5 |  5.5
Shields        | 4 |  4.3
Axes           | 3 4 5 |  5.7
Dodging        | 1 |  1.4
Stealth        | |  0.4

Action                   |  1- 3 |  4- 6 || total
-------------------------+-------+-------++-------
Melee: War axe           |    54 |    71 ||   125
       Headbutt          |     3 |    14 ||    17
Invok: Whirlwind         |     2 |     5 ||     7
       Lunge             |     3 |     6 ||     9
 Abil: Wall Jump         |       |     2 ||     2
Armor: Scale mail        |    24 |    20 ||    44
Dodge: Dodged            |    28 |    28 ||    56
Block: Buckler           |    12 |     9 ||    21

Table legend: (Time is in decaauts)
 A = Elapsed time spent in this place.
 B = Non-inter-level travel time spent in this place.
 C = Inter-level travel time spent in this place.
 D = Time resting spent in this place.
 E = Time spent auto-exploring this place.
 F = Levels seen in this place.
 G = Mean time per level.
                   A        B        C        D        E       F      G
               +--------+--------+--------+--------+--------+-----+--------+
         Total |   2872 |   2759 |    113 |    161 |   1525 |   4 |  718.0 |
       Dungeon |   2872 |   2759 |    113 |    161 |   1525 |   4 |  718.0 |
               +--------+--------+--------+--------+--------+-----+--------+

Top non-repeatable levels by time:
     D:3: 1056 daAuts
     D:1: 1050 daAuts
     D:2: 763 daAuts
     D:4: 3 daAuts
